 Dungeon Crawl Stone Soup version 0.27.1-34-g3ba077fa99 (webtiles) character file.

Game seed: 6745693793943121862

4498 raph the Firebug (level 10, 0/56 HPs)
             Began as a Deep Elf Fire Elementalist on Jan 30, 2022.
             Was a Follower of Sif Muna.
             Slain by a wolf (9 damage)
             ... led by Grum
             ... on level 8 of the Dungeon.
             The game lasted 00:19:00 (14229 turns).

raph the Firebug (Deep Elf Fire Elementalist)      Turns: 14229, Time: 00:19:01

Health: 0/56       AC:  3    Str:  5    XL:     10   Next: 16%
Magic:  9/20       EV: 14    Int: 24    God:    Sif Muna [*.....]
Gold:   494        SH:  0    Dex: 15    Spells: 4/20 levels left

rFire    + . .     SeeInvis .   a - +1 great sword
rCold    x . .     Faith    .   (shield currently unavailable)
rNeg     . . .     Spirit   .   e - +0 robe
rPois    .         Reflect  .   (no helmet)
rElec    .         Harm     .   m - +0 cloak
rCorr    .         Rampage  .   (no gloves)
Will     +....                  (no boots)
Stlth    +++.......             (no amulet)
HPRegen  0.18/turn              o - ring of fire
MPRegen  0.17/turn              (no ring)

@: no status effects
A: no striking features
a: Renounce Religion, Channel Magic


You were on level 8 of the Dungeon.
You worshipped Sif Muna.
Sif Muna was aware of your devotion.
You visited 2 branches of the dungeon, and saw 9 of its levels.

You collected 494 gold pieces.

Inventory:

Hand Weapons
 a - a +1 great sword (weapon)
 d - a +0 dagger
 k - a +0 falchion of protection
Missiles
 j - 4 silver javelins
 l - a throwing net
Armour
 e - a +0 robe (worn)
 m - a +0 cloak (worn)
Jewellery
 o - a ring of fire (left hand)
 v - an amulet of guardian spirit
Wands
 g - a wand of mindburst (7)
 p - a wand of iceblast (8)
Scrolls
 r - a scroll of identify
 s - a scroll of blinking
 t - a scroll of fog
 u - a scroll of teleportation
Potions
 b - a potion of curing {unknown}
 c - a potion of heal wounds
 f - 3 potions of lignification
 h - a potion of magic
 i - 3 potions of attraction
 n - 4 potions of ambrosia
 q - 3 potions of haste {unknown}
 w - a potion of brilliance {unknown}


   Skills:
 + Level 3.5 Fighting
 + Level 3.5 Armour
 + Level 5.8 Dodging
 + Level 6.4 Stealth
 - Level 5.7 Spellcasting
 + Level 7.0 Conjurations
 + Level 7.7 Fire Magic
 * Level 7.0 Invocations


You had 4 spell levels left.
You knew the following spells:

 Your Spells              Type           Power      Damage    Failure   Level
a - Foxfire               Conj/Fire      100%       2x1d9     1%          1
b - Conjure Flame         Conj/Fire      59%        6-21      1%          3
c - Sticky Flame          Conj/Fire      59%        2d7       3%          4
d - Inner Flame           Hex/Fire       38%        N/A       4%          3
e - Fireball              Conj/Fire      29%        3d13      11%         5

Your spell library contained the following spells:

 Spells                   Type           Power      Damage    Failure   Level
 Frozen Ramparts          Ice            12%        1d3       24%         3
 Ice Form                 Ice/Tmut       6%         N/A       63%         4
 Summon Ice Beast         Ice/Summ       6%         N/A       63%         4


Dungeon Overview and Level Annotations

Branches:
Dungeon (8/15)             Temple (1/1) D:4
   Lair: D:8-11

Altars:
Ashenzari
Cheibriados
Dithmenos
Fedhas
Gozag
Hepliaklqana
Kikubaaqudgha
Makhleb
Nemelex Xobeh
Okawaru
Qazlal
Ru
Sif Muna
Trog
Uskayaw
Vehumet
Xom
Yredelemnul
The Shining One

Shops:
D:2 :   D:7 :

Annotations:
D:3 3 runed translucent doors, ZodNigurash's ghost, amateur GnIE
D:6 demon blade


Message History

Aiming: Fireball (quite dangerous; 11% risk of failure)
Press: ? - help, Shift-Dir - straight line, f - wolf
Aim: a wolf (heavily wounded)
You feel a surge of power!
The fireball explodes!
The fireball engulfs the wolf!!
You kill the wolf!
Sif Muna accepts your kill.
You hear a howl!
A wolf comes into view.
A wolf is nearby!
Casting: Fireball (quite dangerous; 11% risk of failure)
Confirm with . or Enter, or press ? or * to list all spells.
You feel a surge of power!
You conjure some foxfire!
You feel less invigorated.
The foxfire hits the wolf.
The wolf is lightly wounded.
Your foxfire dissipates!
Casting: Foxfire (safe; 1% risk of failure)
Confirm with . or Enter, or press ? or * to list all spells.
You feel a surge of power!
You conjure some foxfire!
The foxfire hits the wolf.
The wolf is moderately wounded.
Unknown command.
Casting: Foxfire (safe; 1% risk of failure)
Confirm with . or Enter, or press ? or * to list all spells.
You feel a surge of power!
There is not enough space to conjure foxfire!
Casting: Foxfire (safe; 1% risk of failure)
Confirm with . or Enter, or press ? or * to list all spells.
Aiming: Sticky Flame (dangerous; 3% risk of failure)
Press: ? - help, Shift-Dir - straight line, f - wolf
Aim: a wolf (moderately wounded, ally target, 100% to hit)
You feel a surge of power!
The sticky flame hits the wolf.
The wolf is heavily wounded.
The wolf is covered in liquid flames!
The wolf burns!
The wolf bites you!
* * * LOW HITPOINT WARNING * * *
The wolf bites you but does no damage.
Your foxfire dissipates!
The wolf burns!
Your magical contamination has completely faded away.
The wolf burns!
The wolf bites you!
You die...

#...######..##
##.## ####....
#.# #....###
#.# ##.##.###
#.# #........
######.#
#.######.
#....).#
#.#≈≈≈≈#.
#.######
#.#≈>.≈#. #@#
#.#≈_.§#. #h#
######.#§§§≈#.
#.#
#......##§§##.
#.#
#.####........
#.# ####..###
#.# #.## #)#
#.#### #####
#.# #.....
#...###.#
##.###


You could see a wolf (burning).

Vanquished Creatures
  A hornet (D:8)
  Grinder (D:6)
  Eustachio (D:4)
  Grum (D:8)
  A steam dragon (D:8)
  An acid dragon (D:8)
  A water moccasin (D:4)
  Duvessa (D:6)
  5 orc warriors
  A sky beast (D:6)
  2 black bears
  3 wolves (D:8)
  An ogre (D:5)
  4 centaurs
  4 bullfrogs
  5 kobold brigands
  2 gnoll sergeants (D:6)
  3 scorpions (D:5)
  A water moccasin zombie (D:6)
  Dowan (D:6)
  A wyvern skeleton (D:7)
  2 water moccasin skeletons
  4 killer bees (D:8)
  2 howler monkeys
  3 hounds
  2 jellies
  Crazy Yiuf (D:3)
  2 orc priests
  A centaur skeleton (D:7)
  An iguana (D:7)
  4 orc wizards
  2 hound skeletons
  5 gnolls (D:3)
  2 howler monkey skeletons
  3 adders
  A shadow imp (D:7)
  A white imp (D:8)
  3 dart slugs
  12 orcs
  11 ball pythons
  7 bats
  7 endoplasms
  2 giant cockroaches
  12 hobgoblins
  3 jackals (D:2)
  A quokka (D:1)
  A frilled lizard (D:1)
  9 goblins
  48 kobolds
  4 rats
197 creatures vanquished.

Vanquished Creatures (others)
  541 foxfires
541 creatures vanquished.

Grand Total: 738 creatures vanquished

Notes
Turn   | Place    | Note
-------+----------+-------------------------------------------
     0 | D:1      | raph the Deep Elf Fire Elementalist began the quest for the
                  | Orb.
     0 | D:1      | Reached XP level 1. HP: 10/10 MP: 6/6
   323 | D:1      | Reached XP level 2. HP: 11/15 MP: 2/8
  1210 | D:2      | Reached XP level 3. HP: 19/19 MP: 6/9
  1217 | D:2      | Learned a level 3 spell: Conjure Flame
  1418 | D:2      | Found Naiteeno's Book Shop.
  2684 | D:2      | Reached XP level 4. HP: 24/24 MP: 7/10
  2869 | D:2      | Learned a level 4 spell: Sticky Flame
  2931 | D:3      | Found a runed translucent gate.
  2931 | D:3      | Found a runed translucent gate.
  2931 | D:3      | Found a runed translucent gate.
  2932 | D:3      | Noticed ZodNigurash's ghost (amateur GnIE)
  3005 | D:3      | Found a runed translucent door.
  3006 | D:3      | Noticed Crazy Yiuf
  3081 | D:3      | Killed Crazy Yiuf
  3211 | D:3      | Noticed a kobold brigand
  3670 | D:3      | Killed a kobold brigand
  3671 | D:3      | Reached XP level 5. HP: 11/28 MP: 6/13
  3931 | D:3      | Reached skill level 5 in Fire Magic
  4453 | D:3      | Learned a level 3 spell: Inner Flame
  4583 | D:3      | Reached XP level 6. HP: 15/32 MP: 6/15
  4769 | D:3      | Reached skill level 5 in Spellcasting
  6470 | D:4      | Found a staircase to the Ecumenical Temple.
  6486 | D:4      | Learned a level 5 spell: Fireball
  6490 | D:4      | Reached XP level 7. HP: 36/36 MP: 8/17
  6496 | Temple   | Entered the Ecumenical Temple
  6829 | Temple   | Became a worshipper of Sif Muna the Loreminder
  6894 | D:4      | Reached skill level 5 in Conjurations
  6894 | D:4      | Reached skill level 1 in Invocations
  7162 | D:4      | Noticed Eustachio
  7171 | D:4      | Killed Eustachio
  7172 | D:4      | Reached skill level 1 in Fighting
  7172 | D:4      | Reached skill level 1 in Armour
  8134 | D:4      | Found a blossoming altar of Fedhas.
  8189 | D:5      | Entered Level 5 of the Dungeon
  8492 | D:5      | Reached XP level 8. HP: 41/43 MP: 5/18
  9402 | D:6      | Noticed Grinder
  9672 | D:6      | Killed Grinder
  9867 | D:6      | Found a snail-covered altar of Cheibriados.
 10071 | D:6      | Noticed Dowan
 10075 | D:6      | Noticed Duvessa
 10082 | D:6      | Killed Dowan
 10095 | D:6      | Killed Duvessa
 10096 | D:6      | Reached XP level 9. HP: 24/49 MP: 3/19
 10295 | D:6      | Reached skill level 5 in Invocations
 10517 | D:6      | Reached skill level 5 in Stealth
 11528 | D:7      | Reached skill level 5 in Dodging
 11608 | D:7      | Found a shadowy altar of Dithmenos.
 11955 | D:7      | Found Kohek's Book Boutique.
 12113 | D:7      | Found a sacrificial altar of Ru.
 12165 | D:7      | Reached * piety under Sif Muna
 12276 | D:7      | Found a sparkling altar of Nemelex Xobeh.
 13694 | D:8      | Found a bloodstained altar of Trog.
 13891 | D:8      | Reached XP level 10. HP: 53/56 MP: 4/20
 14203 | D:8      | Noticed Grum
 14221 | D:8      | Killed Grum
 14229 | D:8      | Slain by a wolf

Illustrated notes

Levels and vault maps discovered:
D:1:      dpeg_arrival_rhombus, layout_loops_ring, st_stairs_14,
          minmay_misc_feat_square, lemuel_old_faithful
D:2:      layout_basic, serial_shops, nicolae_shop_window_shopping,
          patterned_corridor
D:3:      minmay_goblin_kobold_castle, layout_basic, gammafunk_ghost_split,
          hangedman_decor_peaks_small, uniq_crazy_yiuf_cottage
D:4:      layout_cave_pools, fedhas_altar_1, minmay_temple_entry_trees,
          minmay_misc_feat_diagonals, hangedman_minor_gate_pass, uniq_eustachio
D:5:      layout_rooms
D:6:      wander_river, layout_basic, mainiacjoe_overflow_paths, sword_in_stone,
          uniq_duvessa, uniq_grinder
D:7:      layout_loops_corners, nemelex_spade_bored_becter,
          grunt_dithmenos_shadows, kennysheep_mini_moat, minivault_27,
          kennysheep_windowed_goal
D:8:      layout_loops_ring, general_overflow_altar, serial_shops, shop,
          uniq_grum
Temple:   oiseaux_autumnal_temple

Skill      XL: |  1  2  3  4  5  6  7  8  9 10 |
---------------+-------------------------------+-----
Conjurations   | 2 3 4 5 6 7 |  7.0
Fire Magic     | 4 5 6 7 |  7.7
Spellcasting   | 4 5 |  5.7
Invocations    | 2 4 6 7 |  7.0
Fighting       | 1 2 3 |  3.5
Armour         | 1 2 3 |  3.5
Dodging        | 3 4 5 |  5.8
Stealth        | 3 4 6 |  6.4

Action                   |  1- 3 |  4- 6 |  7- 9 | 10-12 || total
-------------------------+-------+-------+-------+-------++-------
Melee: Great sword       |     9 |     3 |    25 |       ||    37
       Unarmed           |     1 |       |       |       ||     1
 Cast: Foxfire           |    83 |   154 |    97 |     3 ||   337
       Conjure Flame     |       |     3 |     8 |     1 ||    12
       Inner Flame       |       |     2 |     2 |       ||     4
       Sticky Flame      |       |       |    28 |     7 ||    35
       Fireball          |       |       |    32 |     3 ||    35
Invok: Channel Magic     |       |       |       |     1 ||     1
  Use: Scroll            |     3 |     3 |     8 |       ||    14
       Potion            |       |       |     1 |       ||     1
 Stab: Sleeping          |     4 |       |     1 |       ||     5
Armor: Robe              |     6 |     9 |     9 |     3 ||    27
Dodge: Dodged            |    15 |    40 |    59 |    11 ||   125
       Rpst.: Great sword |     1 |    13 |    15 |     2 ||    31
